PCL
CALGARY COWBOYS @ SAN JOSE MISSIONS
07/09/2026
 
TOP OF THE 1ST
Calgary Cowboys batting - Pitching for San Jose Missions : RHP José Reyes
Pitching: RHP José Reyes
Batting: RHB Luis Peña 0-0: Ball
1-0: Ball
2-0: Ball
3-0: Called Strike
3-1: Foul Ball, location: 2F
3-2: Base on Balls
Batting: RHB Jorge Balencia 0-0: Ball
1-0: Ball
Luis Peña is caught stealing 2nd base
2-0: Ball
3-0: Base on Balls
Batting: LHB Miguel Pérez 0-0: Swinging Strike
0-1: Ball
1-1: Ball
2-1: Ball
3-1: Foul Ball, location: 2F
3-2: SINGLE (Groundball, 4MD)
Jorge Balencia to second
Runner from 2nd tries for 3rd, SAFE, no throw or cutoff
Batting: RHB Dan Wyatt 0-0: Ball
1-0: Ball
2-0: Ball
3-0: Called Strike
3-1: Swinging Strike
3-2: Foul Ball, location: 2F
3-2: Ground out 5-3 (Groundball, 56S)
Jorge Balencia scores
Miguel Pérez to second
Batting: RHB Clark Hodge 0-0: Called Strike
0-1: Ball
1-1: Ball
2-1: Ball
3-1: Called Strike
3-2: Foul Ball, location: 2F
3-2: Base on Balls
Batting: RHB Shayne Burry 0-0: SINGLE (Groundball, 6M)
Miguel Pérez to third
Clark Hodge to second
Runner from 3rd tries for Home, SAFE, no throw or cutoff
Batting: RHB Ramón Martínez 0-0: Called Strike
0-1: Ball
1-1: Swinging Strike
1-2: Ball
2-2: Ball
3-2: Base on Balls
Clark Hodge to third
Shayne Burry to second
Batting: LHB Freddy Herrera 0-0: Ball
1-0: Ground out 4-3 (Groundball, 4)
Top of the 1st over - 2 run(s), 2 hit(s), 0 error(s), 3 left on base; Calgary 2 - San Jose 0
BOTTOM OF THE 1ST
San Jose Missions batting - Pitching for Calgary Cowboys : RHP Pedro Leal
Pitching: RHP Pedro Leal
Batting: LHB Mel Jones 0-0: Ball
1-0: Foul Ball, location: 2F
1-1: Swinging Strike
1-2: Strikes out swinging
Batting: RHB Jorge Díaz 0-0: Called Strike
0-1: Foul Ball, location: 2F
0-2: Foul Ball, location: 2F
0-2: Ball
1-2: Ball
2-2: SINGLE (Groundball, 6D)
Batting: RHB Ramón Ruíz 0-0: Ball
1-0: Called Strike
1-1: Ball
2-1: Ball
3-1: Foul Ball, location: 2F
3-2: Base on Balls
Jorge Díaz to second
Batting: RHB Dale Taylor 0-0: Called Strike
0-1: Ball
1-1: Called Strike
1-2: Ball
2-2: Foul Ball, location: 2F
2-2: Foul Ball, location: 2F
2-2: Foul Ball, location: 2F
2-2: Foul Ball, location: 2F
2-2: Foul Ball, location: 2F
2-2: Strikes out swinging
Batting: RHB Chang-geun Kim 0-0: Foul Ball, location: 2F
0-1: Ball
1-1: Foul Ball, location: 2F
1-2: Foul Ball, location: 2F
1-2: Ball
2-2: Fly out, F9 (Flyball, 9LM)
Bottom of the 1st over - 0 run(s), 1 hit(s), 0 error(s), 2 left on base; Calgary 2 - San Jose 0
TOP OF THE 2ND
Calgary Cowboys batting - Pitching for San Jose Missions : RHP José Reyes
Batting: RHB Mike Wilcox 0-0: Ball
1-0: Swinging Strike
1-1: Ball
2-1: Ground out 5-3 (Groundball, 56S)
Batting: RHB Luis Peña 0-0: Fly out, F9 (Popup, 34D)
Batting: RHB Jorge Balencia 0-0: Ball
1-0: Ground out 1-3 (Groundball, 13)
Top of the 2nd over - 0 run(s), 0 hit(s), 0 error(s), 0 left on base; Calgary 2 - San Jose 0
BOTTOM OF THE 2ND
San Jose Missions batting - Pitching for Calgary Cowboys : RHP Pedro Leal
Batting: RHB Andrew Benson 0-0: Called Strike
0-1: Ball
1-1: Ground out 6-3 (Groundball, 6)
Batting: RHB Irwin Duncan 0-0: Foul Ball, location: 2F
0-1: Swinging Strike
0-2: Strikes out looking
Batting: RHB Kyle Williams 0-0: Ball
1-0: Swinging Strike
1-1: Foul Ball, location: 2F
1-2: Strikes out swinging
Bottom of the 2nd over - 0 run(s), 0 hit(s), 0 error(s), 0 left on base; Calgary 2 - San Jose 0
TOP OF THE 3RD
Calgary Cowboys batting - Pitching for San Jose Missions : RHP José Reyes
Batting: LHB Miguel Pérez 0-0: Called Strike
0-1: Ball
1-1: Ball
2-1: Swinging Strike
2-2: Foul Ball, location: 2F
2-2: Strikes out looking
Batting: RHB Dan Wyatt 0-0: Ball
1-0: Ball
2-0: Ball
3-0: Base on Balls
Batting: RHB Clark Hodge 0-0: Ball
1-0: Grounds into double play, 6-4-3 (Groundball, 6)
Top of the 3rd over - 0 run(s), 0 hit(s), 0 error(s), 0 left on base; Calgary 2 - San Jose 0
BOTTOM OF THE 3RD
San Jose Missions batting - Pitching for Calgary Cowboys : RHP Pedro Leal
Batting: RHB Dale O'Feennaghty 0-0: Called Strike
0-1: Ball
1-1: Swinging Strike
1-2: Ball
2-2: Ground out 3-1 (Groundball, 34)
Batting: LHB Mel Jones 0-0: Called Strike
0-1: TRIPLE (Line Drive, 9LM)
Batting: RHB Jorge Díaz 0-0: Fly out, F6 (Popup, 6MD)
Batting: RHB Ramón Ruíz 0-0: Ball
1-0: Called Strike
1-1: Ball
2-1: Ball
3-1: Fly out, F8 (Flyball, 8LXD)
Bottom of the 3rd over - 0 run(s), 1 hit(s), 0 error(s), 1 left on base; Calgary 2 - San Jose 0
TOP OF THE 4TH
Calgary Cowboys batting - Pitching for San Jose Missions : RHP José Reyes
Batting: RHB Shayne Burry 0-0: Foul Ball, location: 2F
0-1: SINGLE (Groundball, 56D)
Batting: RHB Ramón Martínez 0-0: Grounds into double play, 5-4-3 (Groundball, 56)
Batting: LHB Freddy Herrera 0-0: Ball
1-0: Fly out, F6 (Popup, 6MD)
Top of the 4th over - 0 run(s), 1 hit(s), 0 error(s), 0 left on base; Calgary 2 - San Jose 0
BOTTOM OF THE 4TH
San Jose Missions batting - Pitching for Calgary Cowboys : RHP Pedro Leal
Batting: RHB Dale Taylor 0-0: Swinging Strike
0-1: Ball
1-1: Ball
2-1: Fly out, F8 (Line Drive, 8LD)
Batting: RHB Chang-geun Kim 0-0: Foul Ball, location: 2F
0-1: Foul Ball, location: 2F
0-2: Strikes out looking
Batting: RHB Andrew Benson 0-0: Called Strike
0-1: Foul Ball, location: 2F
0-2: Strikes out looking
Bottom of the 4th over - 0 run(s), 0 hit(s), 0 error(s), 0 left on base; Calgary 2 - San Jose 0
TOP OF THE 5TH
Calgary Cowboys batting - Pitching for San Jose Missions : RHP José Reyes
Batting: RHB Mike Wilcox 0-0: Called Strike
0-1: Foul Ball, location: 2F
0-2: Ball
1-2: Ball
2-2: Foul Ball, location: 2F
2-2: Ground out 5-3 (Groundball, 5S)
Batting: RHB Luis Peña 0-0: Called Strike
0-1: Called Strike
0-2: Strikes out looking
Batting: RHB Jorge Balencia 0-0: Called Strike
0-1: Ball
1-1: Ball
2-1: Swinging Strike
2-2: Ball
3-2: Base on Balls
Batting: LHB Miguel Pérez 0-0: Foul Ball, location: 2F
0-1: Ball
1-1: Swinging Strike
1-2: SINGLE (Flyball, 9S)
Jorge Balencia to second
Throwing error, E9
Jorge Balencia scores
Miguel Pérez to second
Batting: RHB Dan Wyatt 0-0: 2-RUN HOME RUN (Flyball, 7D), Distance : 385 ft
Batting: RHB Clark Hodge 0-0: Ball
1-0: Ball
2-0: Ball
3-0: Called Strike
3-1: Base on Balls
Batting: RHB Shayne Burry 0-0: Called Strike
0-1: Swinging Strike
0-2: Strikes out looking
Top of the 5th over - 3 run(s), 2 hit(s), 1 error(s), 1 left on base; Calgary 5 - San Jose 0
BOTTOM OF THE 5TH
San Jose Missions batting - Pitching for Calgary Cowboys : RHP Pedro Leal
Batting: RHB Irwin Duncan 0-0: Called Strike
0-1: Foul Ball, location: 2F
0-2: Fly out, F8 (Popup, 8RS)
Batting: RHB Kyle Williams 0-0: Ball
1-0: Fly out, F6 (Popup, 8LS)
Batting: RHB Dale O'Feennaghty 0-0: Fly out, F6 (Line Drive, 6)
Bottom of the 5th over - 0 run(s), 0 hit(s), 0 error(s), 0 left on base; Calgary 5 - San Jose 0
TOP OF THE 6TH
Calgary Cowboys batting - Pitching for San Jose Missions : RHP José Reyes
Pitching: RHP Larry West
Batting: RHB Ramón Martínez 0-0: Ball
1-0: Swinging Strike
1-1: Swinging Strike
1-2: Ball
2-2: Foul Ball, location: 2F
2-2: Strikes out looking
Batting: LHB Freddy Herrera 0-0: Ball
1-0: Ball
2-0: Ground out U3 (Groundball, 3S)
Batting: RHB Mike Wilcox 0-0: Ball
1-0: Ball
2-0: Ball
3-0: Base on Balls
Batting: RHB Luis Peña 0-0: SINGLE (Groundball, 6)
Mike Wilcox to second
Batting: RHB Jorge Balencia 0-0: Called Strike
0-1: Ball
1-1: Ball
2-1: Called Strike
2-2: Ball
3-2: Fly out, F5 (Line Drive, 5)
Top of the 6th over - 0 run(s), 1 hit(s), 0 error(s), 2 left on base; Calgary 5 - San Jose 0
BOTTOM OF THE 6TH
San Jose Missions batting - Pitching for Calgary Cowboys : RHP Pedro Leal
Batting: LHB Mel Jones 0-0: Ball
1-0: Ball
2-0: Ball
3-0: Base on Balls
Batting: RHB Jorge Díaz 0-0: Called Strike
0-1: Foul Ball, location: 2F
0-2: Foul Ball, location: 2F
0-2: Ball
1-2: Foul Ball, location: 2F
1-2: Ball
2-2: SINGLE (Line Drive, 89S)
Mel Jones to second
Batting: RHB Ramón Ruíz 0-0: Ball
Wild Pitch!
Mel Jones to third
Jorge Díaz to second
1-0: Ground out 5-3 (Groundball, 56)
Mel Jones scores
Batting: RHB Dale Taylor 0-0: Called Strike
0-1: Ball
1-1: Called Strike
1-2: Ground out 5-3 (Groundball, 56)
Batting: RHB Chang-geun Kim 0-0: Called Strike
0-1: Ball
1-1: Ball
2-1: Swinging Strike
2-2: Foul Ball, location: 2F
2-2: Ball
3-2: Base on Balls
Batting: RHB Andrew Benson 0-0: Foul Ball, location: 2F
0-1: Ball
1-1: Called Strike
1-2: Ball
2-2: Foul Ball, location: 2F
2-2: Strikes out swinging wild pitch, reaches first!
Jorge Díaz to third
Chang-geun Kim to second
Pitching: RHP Lorenzo Montáñez
Batting: RHB Irwin Duncan 0-0: Called Strike
0-1: Called Strike
0-2: Ball
1-2: Strikes out looking
Bottom of the 6th over - 1 run(s), 1 hit(s), 0 error(s), 3 left on base; Calgary 5 - San Jose 1
TOP OF THE 7TH
Calgary Cowboys batting - Pitching for San Jose Missions : RHP Larry West
Batting: LHB Miguel Pérez 0-0: Ball
1-0: Ball
2-0: Called Strike
2-1: Ball
3-1: Base on Balls
Batting: RHB Dan Wyatt 0-0: Ball
1-0: Swinging Strike
1-1: Ball
2-1: Called Strike
2-2: Foul Ball, location: 2F
2-2: Foul Ball, location: 2F
2-2: Fly out, F8 (Popup, 78M)
Batting: RHB Clark Hodge 0-0: Ball
1-0: Grounds into double play, 5-4-3 (Groundball, 5L)
Top of the 7th over - 0 run(s), 0 hit(s), 0 error(s), 0 left on base; Calgary 5 - San Jose 1
BOTTOM OF THE 7TH
San Jose Missions batting - Pitching for Calgary Cowboys : RHP Lorenzo Montáñez
Batting: RHB Kyle Williams 0-0: Called Strike
0-1: Fly out, F4 (Line Drive, 4)
Batting: RHB Dale O'Feennaghty 0-0: Foul Ball, location: 2F
0-1: Ground out 3-1 (Groundball, 34S)
Batting: LHB Mel Jones 0-0: Ball
1-0: Called Strike
1-1: Ball
2-1: Ground out U3 (Groundball, 3S)
Bottom of the 7th over - 0 run(s), 0 hit(s), 0 error(s), 0 left on base; Calgary 5 - San Jose 1
TOP OF THE 8TH
Calgary Cowboys batting - Pitching for San Jose Missions : RHP Larry West
Batting: RHB Shayne Burry 0-0: SINGLE (Line Drive, 6MD)
Batting: RHB Ramón Martínez 0-0: Bunt missed!
0-1: Sac Bunt - play at first, batter safe!
Shayne Burry to second
Batting: LHB Freddy Herrera 0-0: Sac Bunt - play at first, batter safe!
Shayne Burry to third
Ramón Martínez to second
Batting: RHB Mike Wilcox 0-0: Foul Ball, location: 2F
0-1: Foul Ball, location: 2F
0-2: Ball
1-2: Ball
2-2: DOUBLE (Line Drive, 7LM)
Shayne Burry scores
Ramón Martínez scores
Freddy Herrera to third
Batting: RHB Luis Peña 0-0: Ball
1-0: Swinging Strike
1-1: Fly out, F3 (Popup, 3DF)
Batting: RHB Jorge Balencia 0-0: DOUBLE (Line Drive, 8LXD)
Freddy Herrera scores
Mike Wilcox scores
Batting: LHB Miguel Pérez 0-0: Foul Ball, location: 2F
0-1: Ball
1-1: Reached on error, E2 (Groundball, 2L)
Jorge Balencia scores
Batting: RHB Dan Wyatt 0-0: Ball
1-0: Foul Ball, location: 2F
1-1: Ball
2-1: Called Strike
2-2: Ball
3-2: Base on Balls
Batting: RHB Clark Hodge 0-0: Called Strike
0-1: SINGLE (Line Drive, 9S)
Miguel Pérez to third
Dan Wyatt to second
Batting: RHB Shayne Burry 0-0: Ball
1-0: Called Strike
1-1: Ball
2-1: Ball
3-1: Base on Balls
Miguel Pérez scores
Dan Wyatt to third
Clark Hodge to second
Pitching: RHP Raúl García
Batting: RHB Ramón Martínez 0-0: Ball
1-0: Foul Ball, location: 2F
1-1: Swinging Strike
1-2: Ball
2-2: Strikes out swinging
Batting: LHB Freddy Herrera 0-0: Ball
Wild Pitch!
Dan Wyatt scores
Clark Hodge to third
Shayne Burry to second
1-0: Called Strike
1-1: Foul Ball, location: 2F
1-2: Strikes out swinging
Top of the 8th over - 7 run(s), 6 hit(s), 1 error(s), 2 left on base; Calgary 12 - San Jose 1
BOTTOM OF THE 8TH
San Jose Missions batting - Pitching for Calgary Cowboys : RHP Lorenzo Montáñez
Now at SS: Iain Liefting
Batting: RHB Jorge Díaz 0-0: Ball
1-0: Called Strike
1-1: Ball
2-1: Called Strike
2-2: Foul Ball, location: 2F
2-2: Strikes out looking
Batting: RHB Ramón Ruíz 0-0: Ball
1-0: Ball
2-0: Swinging Strike
2-1: Called Strike
2-2: Foul Ball, location: 2F
2-2: SINGLE (Groundball, 4D)
Batting: RHB Dale Taylor 0-0: Grounds into double play, 1-6-3 (Groundball, 15)
Bottom of the 8th over - 0 run(s), 1 hit(s), 0 error(s), 0 left on base; Calgary 12 - San Jose 1
TOP OF THE 9TH
Calgary Cowboys batting - Pitching for San Jose Missions : RHP Raúl García
Batting: RHB Mike Wilcox 0-0: Fly out, F7 (Flyball, 8LD)
Batting: RHB Luis Peña 0-0: Ball
1-0: Called Strike
1-1: Ball
2-1: Ball
3-1: Ground out 6-3 (Groundball, 56)
Batting: RHB Jorge Balencia 0-0: Called Strike
0-1: Ball
1-1: Foul Ball, location: 2F
1-2: Fly out, F9 (Flyball, 89D)
Top of the 9th over - 0 run(s), 0 hit(s), 0 error(s), 0 left on base; Calgary 12 - San Jose 1
BOTTOM OF THE 9TH
San Jose Missions batting - Pitching for Calgary Cowboys : RHP Lorenzo Montáñez
Batting: RHB Chang-geun Kim 0-0: Called Strike
0-1: Fly out, F8 (Line Drive, 8LM)
Batting: RHB Andrew Benson 0-0: Ball
1-0: Foul Ball, location: 2F
1-1: Ball
2-1: Foul Ball, location: 2F
2-2: Foul Ball, location: 2F
2-2: Strikes out swinging
Batting: RHB Irwin Duncan 0-0: Called Strike
0-1: Ball
1-1: Fly out, F3 (Popup, 3F)
Bottom of the 9th over - 0 run(s), 0 hit(s), 0 error(s), 0 left on base; Calgary 12 - San Jose 1
Monday, December 5th, 2016 - OOTP Baseball 17.12 Build 75